 Dungeon Crawl Stone Soup version 0.30-a0-4-ga7cffc901d (webtiles) character file.

Game seed: 11065345104519639708

65 greenreed the Ruffian (level 3, -2/43 HPs)
             Began as a Draconian Transmuter on Aug 22, 2022.
             Slain by Sigmund
             ... wielding a +4 scythe of venom
              (8 damage)
             ... on level 3 of the Dungeon.
             The game lasted 00:04:37 (2210 turns).

greenreed the Ruffian (Draconian Transmuter)        Turns: 2210, Time: 00:04:38

Health: -2/43      AC: 21    Str: 14    XL:     3   Next: 94%
Magic:  6/6        EV:  2    Int: 13    God:
Gold:   98         SH:  0    Dex: 11    Spells: 5/6 levels left

rFire   . . .      SeeInvis .      - Unarmed
rCold   . . .      Faith    .    (no shield)
rNeg    . . .      Spirit   .    (body armour unavailable)
rPois   +          Reflect  .    (helmet currently unavailable)
rElec   .          Harm     .    (cloak currently unavailable)
rCorr   .          Rampage  .    (gloves currently unavailable)
Will    .....      NoTele   +    (boots currently unavailable)
Stlth   +.........               (no amulet)
HPRegen 0.14/turn                h - ring of flight
MPRegen 0.10/turn                (no ring)

@: tree-form
A: stationary, stasis, torment immunity, boosted hp, AC +5, unfitting armour,
(cold-blooded)
a: no special abilities


You were on level 3 of the Dungeon.
You were a tree.
You visited 1 branch of the dungeon, and saw 3 of its levels.

You collected 98 gold pieces.

Inventory:

Armour
 b - a +0 cloak (melded)
 i - a +0 pair of gloves (melded)
 k - a +0 pair of boots (melded)
Jewellery
 h - a ring of flight (left branch)
Scrolls
 c - a scroll of enchant armour {unknown}
 e - 2 scrolls of noise {unknown}
 f - 3 scrolls of identify {unknown}
Potions
 d - a potion of resistance {unknown}
 g - a potion of ambrosia {unknown}
 l - a potion of curing {unknown}
 m - a potion of attraction {unknown}


   Skills:
 * Level 1.8 Fighting
 + Level 2.0 Dodging
 * Level 4.3 Unarmed Combat
 + Level 2.1 Spellcasting
 + Level 2.1 Transmutations


You had 5 spell levels left.
You knew the following spells:

 Your Spells              Type           Power      Damage    Failure   Level
a - Beastly Appendage     Tmut           12%        N/A       11%         1

Your spell library contained the following spells:

 Spells                   Type           Power      Damage    Failure   Level
 Wereblood                Tmut           6%         N/A       16%         2
 Spider Form              Tmut/Pois      4%         N/A       43%         3
 Ice Form                 Ice/Tmut       4%         N/A       85%         4


Dungeon Overview and Level Annotations

Branches:
Dungeon (3/15)

Altars:

Shops:
D:3 [[

Annotations:
D:3 Sigmund


Innate Abilities, Weirdness & Mutations

You are a tree.
Your roots penetrate the ground, keeping you stationary.
You cannot be teleported.
You are immune to unholy pain and torment.
Your maximum health is greatly increased.
Your equipment is partially melded.
((Your plain brown scales are hard. (AC +5)))
You cannot fit into any form of body armour.
((You are cold-blooded and may be slowed by cold attacks.))


Message History

The puff of flame hits you!
You closely miss Sigmund. Your kick misses Sigmund.
Your headbutt misses Sigmund.
Sigmund is lightly wounded.
Sigmund hits you with a +4 scythe of venom.
You completely miss Sigmund. You claw Sigmund.
Sigmund is moderately wounded.
You hit Sigmund but do no damage. Your headbutt misses Sigmund.
Sigmund is moderately wounded.
Your transformation is almost over.
Sigmund points at you and mumbles some strange words.
You are confused.
Sigmund attacks as you move away!
Sigmund hits you with a +4 scythe of venom.
You are poisoned.
You feel sick. Sigmund barely misses you.
Really quaff the potion of lignification?
Your horns disappear.
Your talons disappear.
Your +0 pair of boots unmelds from your body.
You turn into a tree.
Your +0 cloak melds into your body.
Your +0 pair of gloves melds into your body.
Your +0 pair of boots melds into your body.
Your roots penetrate the ground.
You feel sick.
You cannot move. (Use ctrl+direction or * direction to attack while stationary and confused.)
You feel sick. Sigmund hits you but does no damage.
You feel sick. Sigmund hits you but does no damage.
You feel sick.
You feel sick.
Sigmund hits you from afar with a +4 scythe of venom.
* * * LOW HITPOINT WARNING * * *
You feel less confused.
You feel sick. Sigmund hits you but does no damage.
You feel sick.
You are no longer poisoned.
Sigmund hits you from afar with a +4 scythe of venom.
* * * LOW HITPOINT WARNING * * *
You cannot move.
It was a potion of flight.
Your roots keep you in place.
Sigmund hits you from afar with a +4 scythe of venom!
You die...

#. ######
##.##....#
♣∩♣...#....# .
..#...#....#
.[ ♣...$#♣.@.#
#.B#.........#
#≈≈≈#.....####
≈≈~≈~.....# ##
≈≈∩.....#.##.#
≈≈~≈~........#
.≈≈≈....#<..##
........).###
....##.#..#


You could see Sigmund.

Vanquished Creatures
  2 adders (D:2)
  A dart slug (D:1)
  An orc (D:3)
  3 endoplasms
  2 giant cockroaches (D:1)
  3 goblins (D:1)
  4 hobgoblins
  6 jackals
  A kobold (D:1)
  2 quokkas (D:2)
  3 ball pythons
  5 bats
  A frilled lizard (D:1)
  3 rats (D:2)
37 creatures vanquished.

Notes
Turn   | Place    | Note
-------+----------+-------------------------------------------
     0 | D:1      | greenreed the Draconian Transmuter began the quest for the
                  | Orb.
     0 | D:1      | Reached XP level 1. HP: 16/16 MP: 3/3
   458 | D:1      | Reached XP level 2. HP: 18/23 MP: 3/5
   982 | D:2      | Reached XP level 3. HP: 24/29 MP: 4/6
  1488 | D:2      | Reached skill level 4 in Unarmed Combat
  2154 | D:3      | Found Bief's Antique Armour Boutique.
  2155 | D:3      | Found Nennarea's Armour Shoppe.
  2156 | D:3      | Noticed Sigmund
  2210 | D:3      | Slain by Sigmund

Illustrated notes

Levels and vault maps discovered:
D:1:      evilmike_arrival_hilbert_curve, layout_basic, corexii_hall_statues_s
D:2:      layout_loops_ring, serial_forest, infiniplex_forest_side_room,
          infiniplex_forest_lined_4_way, infiniplex_forest_join,
          infiniplex_forest_join, infiniplex_forest_zigzag_1,
          infiniplex_forest_lined_room_, kennysheep_generic_room_16
D:3:      layout_rooms, grunt_qazlal_sundering, serial_shops,
          nicolae_shop_behind_doors, nicolae_shop_waterfront,
          nicolae_shop_trees, grunt_ministairs_11, hex_intersection,
          minmay_rat_hole, uniq_sigmund

Skill      XL: |  1  2  3 |
---------------+----------+-----
Dodging        | 2 |  2.0
Unarmed Combat | 4 |  4.3
Fighting       | |  1.8
Spellcasting   | |  2.1
Transmutations | |  2.1

Action                   || total
-------------------------++-------
Melee: Unarmed           ||   121
       Tailslap          ||    11
       Kick              ||    13
       Headbutt          ||     2
       Punch             ||     1
 Cast: Beastly Appendage ||    11
  Use: Potion            ||     2
Armor: Skin              ||    55
Dodge: Dodged            ||    86

Table legend: (Time is in decaauts)
 A = Elapsed time spent in this place.
 B = Non-inter-level travel time spent in this place.
 C = Inter-level travel time spent in this place.
 D = Time resting spent in this place.
 E = Time spent auto-exploring this place.
 F = Levels seen in this place.
 G = Mean time per level.
                   A        B        C        D        E       F      G
               +--------+--------+--------+--------+--------+-----+--------+
         Total |   2204 |   2137 |     67 |    158 |   1665 |   3 |  734.7 |
       Dungeon |   2204 |   2137 |     67 |    158 |   1665 |   3 |  734.7 |
               +--------+--------+--------+--------+--------+-----+--------+

Top non-repeatable levels by time:
     D:2: 1189 daAuts
     D:1: 960 daAuts
     D:3: 55 daAuts
